Workbook

Sheet serie A2
A5: TABLA DE DESARROLLO SERIE BSECS-16A2 PREFERENTE
A11: CARACTERISTICAS DE UN BONO DE $ 9.000.000.000
C13: Monto ($) | F13: 9000000000
C14: Interés anual | F14: 0.09
C15: Interés trimestral | F15: =TRUNC((1+F14)^(3/12)-1,10) -> 0.021778181
C16: Plazo (trimestres) | F16: 30
C17: Periodo de Gracias (trimestres) | F17: 0
C18: Intereses y Amoritización | F18: trimestrales
C19: N° Cupones | F19: 30
A21: Período | B21: Número de cuota de interés | C21: Número de cuota de amortización | D21: Monto Interés | E21: Amortización | F21: Total cupón | G21: Capitalización de intereses | H21: Saldo Insoluto Final | I21: Fecha pago Bono
A22: 1 | B22: 1 | C22: 1 | D22: 196003627 | E22: 388310262 | F22: 584313889 | H22: =F13-E22 -> 8611689738 | I22: 46296
A23: 2 | B23: 2 | C23: 2 | D23: 187546936 | E23: 396766953 | F23: 584313889 | H23: =H22-E23 -> 8214922785 | I23: 46388
A24: 3 | B24: 3 | C24: 3 | D24: 178906074 | E24: 405407815 | F24: 584313889 | H24: =H23-E24 -> 7809514970 | I24: 46478
A25: 4 | B25: 4 | C25: 4 | D25: 170077029 | E25: 414088050 | F25: 584165079 | H25: =H24-E25 -> 7395426920 | I25: 46569
A26: 5 | B26: 5 | C26: 5 | D26: 161058945 | E26: 416389057 | F26: 577448002 | H26: =H25-E26 -> 6979037863 | I26: 46661
A27: 6 | B27: 6 | C27: 6 | D27: 151990748 | E27: 416534093 | F27: 568524841 | H27: =H26-E27 -> 6562503770 | I27: 46753
A28: 7 | B28: 7 | C28: 7 | D28: 142919394 | E28: 413387329 | F28: 556306723 | H28: =H27-E28 -> 6149116441 | I28: 46844
A29: 8 | B29: 8 | C29: 8 | D29: 133916570 | E29: 410066588 | F29: 543983158 | H29: =H28-E29 -> 5739049853 | I29: 46935
A30: 9 | B30: 9 | C30: 9 | D30: 124986065 | E30: 408757632 | F30: 533743697 | H30: =H29-E30 -> 5330292221 | I30: 47027
A31: 10 | B31: 10 | C31: 10 | D31: 116084068 | E31: 406581353 | F31: 522665421 | H31: =H30-E31 -> 4923710868 | I31: 47119
A32: 11 | B32: 11 | C32: 11 | D32: 107229465 | E32: 405914714 | F32: 513144179 | H32: =H31-E32 -> 4517796154 | I32: 47209
A33: 12 | B33: 12 | C33: 12 | D33: 98389381 | E33: 398926612 | F33: 497315993 | H33: =H32-E33 -> 4118869542 | I33: 47300
A34: 13 | B34: 13 | C34: 13 | D34: 89701485 | E34: 396039458 | F34: 485740943 | H34: =H33-E34 -> 3722830084 | I34: 47392
... A51: 30 | B51: 30 | C51: 30 | D51: 23468 | E51: 1077604 | F51: 1101072 | H51: =H50-E51 -> 0 | I51: 48945

Sheet serie B2
A6: TABLA DE DESARROLLO SERIE BSECS-16B2 SUBORDINADA
A7: CARACTERISTICAS DE UN BONO DE $ 100.000.000
C9: Monto ($) | F9: 100000000
C10: Interés anual | F10: 0.1
C11: Interés trimestral | F11: =TRUNC((1+F10)^(3/12)-1,6) -> 0.024113
C12: Plazo (trimestres) | F12: 30
C13: Periodo de Gracias (trimestres) | F13: 29
C14: Intereses y Amoritización | F14: trimestrales
C15: N° Cupones | F15: 1
A17: Período | B17: Número de cuota de interés | C17: Número de cuota de amortización | D17: Monto Interés | E17: Amortización | F17: Total cupón | G17: Capitalización de intereses | H17: Saldo Insoluto Final | I17: Fecha pago Bono
A18: 1 | F18: 0 | G18: =TRUNC(F11*F9,0) -> 2411300 | H18: =F9+G18 -> 102411300 | I18: =+'serie A2'!I22 -> 46296
A19: 2 | F19: 0 | G19: =TRUNC($F$11*H18,0) -> 2469443 | H19: =H18+G19 -> 104880743 | I19: =+'serie A2'!I23 -> 46388
A20: 3 | F20: 0 | G20: =TRUNC($F$11*H19,0) -> 2528989 | H20: =H19+G20 -> 107409732 | I20: =+'serie A2'!I24 -> 46478
A21: 4 | F21: 0 | G21: =TRUNC($F$11*H20,0) -> 2589970 | H21: =H20+G21 -> 109999702 | I21: =+'serie A2'!I25 -> 46569
A22: 5 | F22: 0 | G22: =TRUNC($F$11*H21,0) -> 2652422 | H22: =H21+G22 -> 112652124 | I22: =+'serie A2'!I26 -> 46661
A23: 6 | F23: 0 | G23: =TRUNC($F$11*H22,0) -> 2716380 | H23: =H22+G23 -> 115368504 | I23: =+'serie A2'!I27 -> 46753
A24: 7 | F24: 0 | G24: =TRUNC($F$11*H23,0) -> 2781880 | H24: =H23+G24 -> 118150384 | I24: =+'serie A2'!I28 -> 46844
A25: 8 | F25: 0 | G25: =TRUNC($F$11*H24,0) -> 2848960 | H25: =H24+G25 -> 120999344 | I25: =+'serie A2'!I29 -> 46935
A26: 9 | F26: 0 | G26: =TRUNC($F$11*H25,0) -> 2917657 | H26: =H25+G26 -> 123917001 | I26: =+'serie A2'!I30 -> 47027
A27: 10 | F27: 0 | G27: =TRUNC($F$11*H26,0) -> 2988010 | H27: =H26+G27 -> 126905011 | I27: =+'serie A2'!I31 -> 47119
A28: 11 | F28: 0 | G28: =TRUNC($F$11*H27,0) -> 3060060 | H28: =H27+G28 -> 129965071 | I28: =+'serie A2'!I32 -> 47209
A29: 12 | F29: 0 | G29: =TRUNC($F$11*H28,0) -> 3133847 | H29: =H28+G29 -> 133098918 | I29: =+'serie A2'!I33 -> 47300
A30: 13 | F30: 0 | G30: =TRUNC($F$11*H29,0) -> 3209414 | H30: =H29+G30 -> 136308332 | I30: =+'serie A2'!I34 -> 47392
... A46: 29 | F46: 0 | G46: =TRUNC($F$11*H45,0) -> 4698852 | H46: =H45+G46 -> 199566872 | I46: =+'serie A2'!I50 -> 48853
A47: 30 | B47: 1 | C47: 1 | D47: =TRUNC($F$11*H46,0) -> 4812155 | E47: =+H46 -> 199566872 | F47: =+D47+E47 -> 204379027 | G47: =TRUNC($F$11*H46,0) -> 4812155 | H47: =+H46-E47 -> 0 | I47: =+'serie A2'!I51 -> 48945
